Map: Disco Bloodbath LE

Players

hellraiser

  • Race: Protoss Protoss
  • Spawn Location: 3:00

TIME (Oliveira) - Winner!

  • Race: Terran Terran
  • Spawn Location: 9:00

Event: NationWars 2019

VOD

Have the link to the VOD?

Description

Time

  • Played on: Oct. 3, 2019, 12:51 p.m.
  • Length: 8:24
Show
View Real Time Build Order
Export as new Build Order

hellraiser Protoss 

Build Orders: 1 Gate Expand, Colossus Rush 

Get SALT Encoding   

  12  0:01  Probe  
  13  0:13  Probe  
  14  0:17  Pylon  
  14  0:25  Probe (Chrono Boost)  
  15  0:37  Probe (Chrono Boost)  
  15  0:38  Gateway  
  16  0:43  Probe (Chrono Boost)  
  16  0:47  Assimilator  
  17  0:51  Probe  
  18  1:03  Probe  
  19  1:20  Nexus  
  19  1:23  Probe  
  20  1:32  Cybernetics Core  
  20  1:36  Probe  
  21  1:41  Assimilator  
  21  1:48  Probe  
  21  1:51  Pylon  
  22  1:59  Stalker  
  22  2:00  Probe (Chrono Boost)  
  23  2:09  Warp Gate  
  23  2:12  Probe (Chrono Boost)  
  26  2:20  Probe (Chrono Boost)  
  27  2:29  Stalker, Probe (Chrono Boost)  
  30  2:32  Probe (Chrono Boost)  
  31  2:39  Robotics Facility  
  31  2:43  Probe (Chrono Boost)  
  33  2:44  Probe (Chrono Boost)  
  33  2:48  Probe (Chrono Boost)  
  33  2:51  Probe  
  34  2:59  Stalker  
  34  3:00  Probe  
  34  3:03  Probe  
  38  3:09  Gateway  
  38  3:13  Gateway  
  38  3:17  Probe (Chrono Boost)  
  38  3:18  Probe (Chrono Boost)  
  40  3:28  Observer  
  40  3:30  Probe (Chrono Boost)  
  40  3:31  Pylon  
  40  3:33  Probe (Chrono Boost)  
  41  3:35  Probe (Chrono Boost)  
  42  3:43  Probe (Chrono Boost)  
  42  3:44  Probe (Chrono Boost)  
  43  3:54  Probe (Chrono Boost)  
  45  3:56  Probe (Chrono Boost)  
  45  3:58  Warp Prism  
  45  3:59  Probe (Chrono Boost)  
  47  4:04  Probe  
  47  4:05  Stalker  
  47  4:06  Stalker  
  52  4:11  Pylon  
  52  4:13  Robotics Bay  
  52  4:14  Probe  
  54  4:17  Probe  
  54  4:29  Probe x2  
  55  4:41  Stalker x2, Probe x2  
  59  4:53  Probe x2  
  61  5:02  Pylon  
  61  5:05  Probe  
  62  5:09  Probe  
  61  5:17  Probe  
  61  5:21  Probe  
  61  5:25  Colossus (Chrono Boost)  
  62  5:29  Probe  
  62  5:32  Pylon  
  62  5:33  Probe  
  62  5:34  Assimilator  
  70  5:39  Assimilator  
  70  5:41  Twilight Council  
  70  5:42  Forge  
  70  5:50  Pylon  
  70  5:52  Adept x3  
  78  6:03  Gateway  
  76  6:06  Gateway x2  
  76  6:20  Observer  
  76  6:26  Nexus  
  76  6:31  Probe  
  76  6:32  Charge (Chrono Boost), Probe  
  78  6:38  Sentry, Zealot x2  
  84  6:41  Pylon  
  84  6:47  Photon Cannon  
  84  6:50  Pylon  
  84  6:52  Probe x2  
  86  7:04  Probe x2  
  86  7:07  Zealot x3  
  94  7:11  Pylon  
  94  7:16  Probe x2  
  96  7:29  Pylon  
  95  7:34  Pylon  
  95  7:35  Pylon  
  95  7:43  Probe  
  95  7:44  Probe x2  
  103  7:58  Zealot x4  
  109  8:02  Gateway  
  109  8:03  Gateway  
  103  8:08  Probe  
  103  8:12  Probe  
  95  8:13  Robotics Bay, Gateway  
Show
View Real Time Build Order
Export as new Build Order

TIME Terran - Winner!

Build Orders: Gas First Reaper Expand 

Get SALT Encoding   

  12  0:01  SCV  
  13  0:13  SCV  
  14  0:18  Supply Depot  
  14  0:25  SCV  
  15  0:29  Refinery  
  15  0:39  SCV  
  16  0:44  Barracks  
  16  0:51  SCV  
  17  1:03  SCV  
  18  1:18  SCV  
  19  1:34  Orbital Command, Reaper  
  20  1:48  Command Center  
  20  1:57  Factory  
  20  2:00  SCV  
  21  2:07  Refinery  
  21  2:08  Barracks Reactor  
  21  2:12  SCV  
  22  2:17  Supply Depot  
  22  2:25  SCV  
  23  2:38  SCV  
  23  2:43  Starport  
  24  2:49  Hellion x2  
  24  2:51  SCV  
  29  2:52  Marine  
  30  3:00  Orbital Command  
  30  3:03  SCV  
  31  3:11  Widow Mine  
  31  3:12  Widow Mine  
  35  3:16  SCV  
  36  3:21  Medivac  
  38  3:27  SCV  
  38  3:32  SCV  
  44  3:34  Widow Mine x2  
  44  3:40  SCV  
  45  3:41  Supply Depot  
  45  3:43  Barracks Tech Lab  
  45  3:47  SCV  
  45  3:58  SCV  
  46  4:03  Bunker, Supply Depot, Viking  
  46  4:05  SCV  
  49  4:11  Marine  
  49  4:12  Siege Tank, Marine  
  49  4:14  SCV  
  53  4:17  SCV  
  53  4:18  Barracks  
  54  4:26  Supply Depot  
  54  4:29  Marine x2  
  55  4:38  SCV  
  55  4:44  Siege Tank  
  54  4:46  SCV  
  54  4:47  Marine  
  54  4:50  SCV  
  54  4:54  Engineering Bay  
  54  4:57  Starport Tech Lab, Marine  
  54  4:58  SCV  
  55  5:01  Refinery  
  55  5:02  SCV  
  56  5:10  SCV  
  57  5:15  SCV  
  57  5:16  Siege Tank  
  57  5:17  Marine  
  57  5:18  Barracks  
  60  5:22  SCV  
  60  5:23  Marine x2  
  60  5:24  Stimpack  
  60  5:25  Terran Infantry Weapons Level 1  
  60  5:27  SCV  
  60  5:30  Supply Depot, Refinery  
  60  5:34  SCV  
  61  5:36  Starport Reactor  
  61  5:39  SCV, Marine  
  61  5:40  Marine  
  61  5:42  Marauder  
  66  5:46  SCV  
  66  5:48  Supply Depot  
  67  5:52  SCV  
  68  5:57  Command Center  
  68  5:58  SCV  
  68  5:59  Marine x2  
  71  6:04  SCV  
  71  6:07  Marauder  
  71  6:10  SCV  
  75  6:11  Supply Depot  
  75  6:12  Combat Shield, Marauder  
  75  6:16  SCV, Medivac  
  75  6:17  Medivac  
  82  6:19  Marine x2  
  84  6:26  Supply Depot  
  84  6:29  Marauder  
  86  6:33  SCV, Supply Depot  
  86  6:34  Marauder  
  86  6:37  Marine x2  
  91  6:46  Medivac  
  93  6:47  Medivac  
  93  6:50  Marauder  
  97  6:55  Marine x2  
  97  6:57  Supply Depot, Marine  
  100  7:06  Barracks x2  
  100  7:08  Supply Depot  
  100  7:12  SCV, Marauder, Marine  
  100  7:13  SCV  
  105  7:17  Liberator  
  105  7:18  Liberator  
  105  7:23  Marine  
  105  7:24  Marauder  
  107  7:30  Marine  
  107  7:33  Marine  
  115  7:41  Marine  
  116  7:45  Marauder  
  116  7:46  SCV  
  116  7:48  Marine  
  116  7:49  SCV  
  116  7:51  Orbital Command, Marauder  
  123  7:54  Supply Depot  
  124  7:58  SCV  
  124  7:59  Marine x3  
  115  8:06  Marine  
  115  8:10  SCV  
  115  8:11  SCV  
Tags
 
Add a new tag
Caveats
  • Supply blocks, unpowered buildings, or Contaminate may cause inaccurate times.
  • Supply counts are checked every 10 seconds.